PAAA
BATON ROUGE BRASS @ FOREST CITY WARRIORS
08/03/2041
 
TOP OF THE 1ST
Baton Rouge Brass batting - Pitching for Forest City Warriors : RHP Forest Bell
Pitching: RHP Forest Bell
Batting: LHB Stephen Goldobenko 0-0: Ball
1-0: Ball
2-0: Ball
3-0: Base on Balls
Batting: LHB Weston Doyle 0-0: Foul Ball, location: 2F
0-1: Fly out, F7 (Flyball, 78S, EV 85.0 MPH)
Batting: RHB Júlio Sahagún 0-0: Called Strike
0-1: Ball
1-1: Foul Ball, location: 2F
1-2: Ball
2-2: Foul Ball, location: 2F
2-2: Ball
3-2: Strikes out looking
Batting: LHB Javier Seco 0-0: Called Strike
0-1: Foul Ball, location: 2F
0-2: Ground out 5-3 (Groundball, 56, EV 84.4 MPH)
Top of the 1st over - 0 runs, 0 hits, 0 errors, 1 left on base; Baton Rouge 0 - Forest City 0
BOTTOM OF THE 1ST
Forest City Warriors batting - Pitching for Baton Rouge Brass : RHP David Flowers
Pitching: RHP David Flowers
Batting: LHB Pat Carter 0-0: Foul Ball, location: 2F
0-1: Fly out, F9 (Flyball, 9, EV 97.5 MPH)
Batting: LHB Pedro Guerrero 0-0: Called Strike
0-1: Called Strike
0-2: Ball
1-2: Fly out, F8 (Flyball, 78XD, EV 79.4 MPH)
Batting: LHB Lauren Hilfiker 0-0: Ball
1-0: Foul Ball, location: 2F
1-1: Called Strike
1-2: Ball
2-2: Strikes out swinging
Bottom of the 1st over - 0 runs, 0 hits, 0 errors, 0 left on base; Baton Rouge 0 - Forest City 0
TOP OF THE 2ND
Baton Rouge Brass batting - Pitching for Forest City Warriors : RHP Forest Bell
Batting: RHB Dean Shamakani 0-0: Ball
1-0: Foul Ball, location: 2F
1-1: Ball
2-1: Called Strike
2-2: Strikes out swinging
Batting: LHB Jun-suk Pak 0-0: Ball
1-0: Ball
2-0: Foul Ball, location: 2F
2-1: Foul Ball, location: 2F
2-2: Ball
3-2: Base on Balls
Batting: RHB Jorge Muñóz 0-0: Ball
1-0: Ball
2-0: Ball
3-0: Base on Balls
Jun-suk Pak to second
Batting: LHB Luis García 0-0: Foul Ball, location: 2F
0-1: Ball
1-1: Ball
2-1: Fielders Choice at 2nd, 6-4 (Groundball, 6, EV 91.2 MPH)
Jun-suk Pak to third
Batting: LHB Tomislav Jovovich 0-0: SINGLE (Groundball, 6MD, EV 109.4 MPH)
Jun-suk Pak scores
Luis García to second
Runner from 2nd tries for 3rd, SAFE, no throw by CF
Batting: LHB Stephen Goldobenko 0-0: Ball
1-0: Fly out, F9 (Flyball, 9D, EV 95.6 MPH)
Top of the 2nd over - 1 run, 1 hit, 0 errors, 2 left on base; Baton Rouge 1 - Forest City 0
BOTTOM OF THE 2ND
Forest City Warriors batting - Pitching for Baton Rouge Brass : RHP David Flowers
Batting: RHB Sigi Lang 0-0: Called Strike
0-1: Ball
1-1: Ball
2-1: Ground out 5-3 (Groundball, 5L, EV 104.4 MPH)
Batting: LHB Bob Giles 0-0: Called Strike
0-1: Ball
1-1: Ball
2-1: Reached on error, E1 (Groundball, 13, EV 81.2 MPH)
Batting: RHB Germán Gracía 0-0: Foul Ball, location: 2F
0-1: Ball
1-1: Called Strike
1-2: Foul Ball, location: 2F
1-2: Strikes out swinging
Batting: RHB Ernest Franks 0-0: Fly out, F7 (Flyball, 7LM, EV 81.9 MPH)
Bottom of the 2nd over - 0 runs, 0 hits, 1 error, 1 left on base; Baton Rouge 1 - Forest City 0
TOP OF THE 3RD
Baton Rouge Brass batting - Pitching for Forest City Warriors : RHP Forest Bell
Batting: LHB Weston Doyle 0-0: Ball
1-0: SOLO HOME RUN (Flyball, 9D, EV 98.8 MPH), Distance : 363 ft
Batting: RHB Júlio Sahagún 0-0: Ball
1-0: Fly out, F8 (Line Drive, 8RM, EV 94.4 MPH)
Batting: LHB Javier Seco 0-0: Called Strike
0-1: Ball
1-1: SINGLE (Line Drive, 7S, EV 110.6 MPH)
Batting: RHB Dean Shamakani 0-0: Ball
1-0: Swinging Strike
1-1: Ball
2-1: Fielders Choice at 2nd, 6-4 (Groundball, 6, EV 79.4 MPH)
Batting: LHB Jun-suk Pak 0-0: Ball
1-0: Foul Ball, location: 2F
1-1: Called Strike
1-2: Ground out 6-3 (Groundball, 6, EV 83.1 MPH)
Top of the 3rd over - 1 run, 2 hits, 0 errors, 1 left on base; Baton Rouge 2 - Forest City 0
BOTTOM OF THE 3RD
Forest City Warriors batting - Pitching for Baton Rouge Brass : RHP David Flowers
Batting: RHB José Álvarez 0-0: Ball
1-0: Swinging Strike
1-1: Ball
2-1: Ball
3-1: Base on Balls
Batting: RHB Armando Altagracia 0-0: Ball
1-0: SINGLE (Groundball, 6MD, EV 100.0 MPH)
José Álvarez to second
Batting: LHB Pat Carter 0-0: Ball
1-0: Called Strike
1-1: Ball
2-1: Ball
3-1: Foul Ball, location: 2F
3-2: Foul Ball, location: 2F
3-2: SINGLE (Groundball, 56D, EV 105.0 MPH)
José Álvarez to third
Armando Altagracia to second
Batting: LHB Pedro Guerrero 0-0: Ball
1-0: Called Strike
1-1: Ball
2-1: Fly out, F9 (Flyball, 89S, EV 93.8 MPH)
Batting: LHB Lauren Hilfiker 0-0: Swinging Strike
0-1: Ball
1-1: Swinging Strike
1-2: Strikes out swinging
Batting: RHB Sigi Lang 0-0: Fly out, F7 (Flyball, 7S, EV 83.1 MPH)
Bottom of the 3rd over - 0 runs, 2 hits, 0 errors, 3 left on base; Baton Rouge 2 - Forest City 0
TOP OF THE 4TH
Baton Rouge Brass batting - Pitching for Forest City Warriors : RHP Forest Bell
Batting: RHB Jorge Muñóz 0-0: Called Strike
0-1: Foul Ball, location: 2F
0-2: Foul Ball, location: 2F
0-2: Ball
1-2: Ball
2-2: Fly out, F8 (Flyball, 8LD, EV 97.5 MPH)
Batting: LHB Luis García 0-0: Ball
1-0: Ball
2-0: Foul Ball, location: 2F
2-1: Ball
3-1: Base on Balls
Batting: LHB Tomislav Jovovich 0-0: Ball
1-0: Ball
2-0: Called Strike
2-1: Foul Ball, location: 2F
2-2: Ball
3-2: Grounds into double play, 4-6-3 (Groundball, 4, EV 85.0 MPH)
Top of the 4th over - 0 runs, 0 hits, 0 errors, 0 left on base; Baton Rouge 2 - Forest City 0
BOTTOM OF THE 4TH
Forest City Warriors batting - Pitching for Baton Rouge Brass : RHP David Flowers
Batting: LHB Bob Giles 0-0: Ball
1-0: Called Strike
1-1: Foul Ball, location: 2F
1-2: Ball
2-2: Ground out 6-3 (Groundball, 6, EV 89.4 MPH)
Batting: RHB Germán Gracía 0-0: Called Strike
0-1: Ball
1-1: Fly out, F7 (Flyball, 7, EV 94.4 MPH)
Batting: RHB Ernest Franks 0-0: Ball
1-0: Ball
2-0: Foul Ball, location: 2F
2-1: SINGLE (Line Drive, 9S, EV 91.9 MPH)
Batting: RHB José Álvarez 0-0: Ball
1-0: Called Strike
Ernest Franks steals 2nd, throwing error, E2
Ernest Franks to third
1-1: Ball
2-1: Ground out 5-3 (Groundball, 56, EV 84.4 MPH)
Bottom of the 4th over - 0 runs, 1 hit, 1 error, 1 left on base; Baton Rouge 2 - Forest City 0
TOP OF THE 5TH
Baton Rouge Brass batting - Pitching for Forest City Warriors : RHP Forest Bell
Batting: LHB Stephen Goldobenko 0-0: Ball
1-0: Fly out, F8 (Line Drive, 8RD, EV 106.2 MPH)
Batting: LHB Weston Doyle 0-0: Ball
1-0: Fly out, F6 (Popup, 6, EV 56.2 MPH)
Batting: RHB Júlio Sahagún 0-0: Called Strike
0-1: Ground out 5-3 (Groundball, 56S, EV 84.4 MPH)
Top of the 5th over - 0 runs, 0 hits, 0 errors, 0 left on base; Baton Rouge 2 - Forest City 0
BOTTOM OF THE 5TH
Forest City Warriors batting - Pitching for Baton Rouge Brass : RHP David Flowers
Batting: RHB Armando Altagracia 0-0: Ball
1-0: Fly out, F8 (Line Drive, 8RM, EV 105.0 MPH)
Batting: LHB Pat Carter 0-0: Ball
1-0: Ball
2-0: Fly out, F6 (Line Drive, 6, EV 73.8 MPH)
Batting: LHB Pedro Guerrero 0-0: Ball
1-0: Ball
2-0: Ball
3-0: Called Strike
3-1: Ground out 1-3 (Groundball, P, EV 80.6 MPH)
Bottom of the 5th over - 0 runs, 0 hits, 0 errors, 0 left on base; Baton Rouge 2 - Forest City 0
TOP OF THE 6TH
Baton Rouge Brass batting - Pitching for Forest City Warriors : RHP Forest Bell
Batting: LHB Javier Seco 0-0: Ball
1-0: Called Strike
1-1: Foul Ball, location: 2F
1-2: Fly out, F9 (Flyball, 89D, EV 90.0 MPH)
Batting: RHB Dean Shamakani 0-0: Swinging Strike
0-1: Called Strike
0-2: Strikes out swinging
Batting: LHB Jun-suk Pak 0-0: Ball
1-0: Called Strike
1-1: Ball
2-1: Ground out 6-3 (Groundball, 6, EV 98.1 MPH)
Top of the 6th over - 0 runs, 0 hits, 0 errors, 0 left on base; Baton Rouge 2 - Forest City 0
BOTTOM OF THE 6TH
Forest City Warriors batting - Pitching for Baton Rouge Brass : RHP David Flowers
Batting: LHB Lauren Hilfiker 0-0: Foul Ball, location: 2F
0-1: Called Strike
0-2: Ground out 1-3 (Groundball, P, EV 75.0 MPH)
Batting: RHB Sigi Lang 0-0: Called Strike
0-1: Fly out, F9 (Flyball, 9S, EV 82.5 MPH)
Batting: LHB Bob Giles 0-0: Ball
1-0: Swinging Strike
1-1: Swinging Strike
1-2: Foul Ball, location: 2F
1-2: Strikes out looking
Bottom of the 6th over - 0 runs, 0 hits, 0 errors, 0 left on base; Baton Rouge 2 - Forest City 0
TOP OF THE 7TH
Baton Rouge Brass batting - Pitching for Forest City Warriors : RHP Forest Bell
Batting: RHB Jorge Muñóz 0-0: Ball
1-0: Foul Ball, location: 2F
1-1: Called Strike
1-2: Foul Ball, location: 2F
1-2: SINGLE (Groundball, 56D, EV 103.1 MPH)
Batting: LHB Luis García 0-0: Ball
1-0: Swinging Strike
1-1: Ball
2-1: SINGLE (Groundball, 6D, EV 97.5 MPH)
Jorge Muñóz to second
Jorge Muñóz to third
Pitching: RHP Dan Burton
Batting: LHB Tomislav Jovovich 0-0: Called Strike
0-1: Fly out, F7 (Flyball, 7LS, EV 85.6 MPH)
Batting: LHB Stephen Goldobenko 0-0: Called Strike
0-1: Ball
1-1: Ball
2-1: Ball
3-1: Foul Ball, location: 2F
3-2: Foul Ball, location: 2F
3-2: Fly out, F9 (Flyball, 9LD, EV 103.8 MPH)
Runner from 3rd tags up, SCORES, no throw by RF
Batting: LHB Weston Doyle 0-0: Called Strike
0-1: Ball
1-1: SINGLE (Flyball, 89S, EV 86.2 MPH)
Luis García to second
Batting: RHB Júlio Sahagún 0-0: SINGLE (Line Drive, 6MD, EV 95.0 MPH)
Luis García to third
Weston Doyle to second
Runner from 3rd tries for Home, SAFE, no throw by CF
Batting: LHB Javier Seco 0-0: Called Strike
0-1: Foul Ball, location: 2F
0-2: Ground out 1-3 (Groundball, P, EV 72.5 MPH)
Top of the 7th over - 2 runs, 4 hits, 0 errors, 2 left on base; Baton Rouge 4 - Forest City 0
BOTTOM OF THE 7TH
Forest City Warriors batting - Pitching for Baton Rouge Brass : RHP David Flowers
Batting: RHB Germán Gracía 0-0: Called Strike
0-1: Called Strike
0-2: Foul Ball, location: 2F
0-2: Foul Ball, location: 2F
0-2: SINGLE (Groundball, 6MD, EV 96.9 MPH)
Batting: RHB Ernest Franks 0-0: Ball
1-0: Grounds into double play, 6-4-3 (Groundball, 6, EV 101.2 MPH)
Batting: RHB José Álvarez 0-0: Ball
1-0: Ball
2-0: Ground out 6-3 (Groundball, 6, EV 87.5 MPH)
Bottom of the 7th over - 0 runs, 1 hit, 0 errors, 0 left on base; Baton Rouge 4 - Forest City 0
TOP OF THE 8TH
Baton Rouge Brass batting - Pitching for Forest City Warriors : RHP Dan Burton
Batting: RHB Dean Shamakani 0-0: Foul Ball, location: 2F
0-1: Ball
1-1: Called Strike
1-2: Foul Ball, location: 2F
1-2: Ball
2-2: DOUBLE (Groundball, 3L, EV 103.8 MPH)
Batting: LHB Jun-suk Pak 0-0: SINGLE (Line Drive, 8RS, EV 106.2 MPH)
Dean Shamakani to third
Batting: RHB Jorge Muñóz 0-0: Ball
1-0: Ball
2-0: Called Strike
2-1: Called Strike
2-2: Strikes out swinging
Batting: LHB Luis García 0-0: Ball
1-0: Ball
2-0: Swinging Strike
2-1: Ball
3-1: SINGLE (Line Drive, 8RS, EV 108.8 MPH)
Dean Shamakani scores
Jun-suk Pak to second
Batting: LHB Tomislav Jovovich 0-0: Swinging Strike
0-1: Ball
1-1: Fly out, F7 (Flyball, 7, EV 84.4 MPH)
Batting: LHB Stephen Goldobenko 0-0: Fly out, F8 (Flyball, 78D, EV 95.6 MPH)
Top of the 8th over - 1 run, 3 hits, 0 errors, 2 left on base; Baton Rouge 5 - Forest City 0
BOTTOM OF THE 8TH
Forest City Warriors batting - Pitching for Baton Rouge Brass : RHP David Flowers
Pitching: RHP Rafael Bernal
Batting: RHB Armando Altagracia 0-0: Foul Ball, location: 2F
0-1: Fly out, F8 (Flyball, 8RM, EV 75.6 MPH)
Batting: LHB Pat Carter 0-0: Ball
1-0: Ball
2-0: Swinging Strike
2-1: Foul Ball, location: 2F
2-2: Ball
3-2: Foul Ball, location: 2F
3-2: TRIPLE (Groundball, 3L, EV 94.4 MPH)
Batting: LHB Pedro Guerrero 0-0: Ball
1-0: Swinging Strike
1-1: Ball
2-1: Called Strike
2-2: Fly out, F8 (Flyball, 89D, EV 98.1 MPH)
Runner from 3rd tags up, SCORES, throw by CF
Batting: LHB Lauren Hilfiker 0-0: Called Strike
0-1: Called Strike
0-2: DOUBLE (Line Drive, 5D, EV 95.0 MPH)
Batting: RHB Sigi Lang 0-0: Called Strike
0-1: Foul Ball, location: 2F
0-2: Foul Ball, location: 2F
0-2: Strikes out swinging
Bottom of the 8th over - 1 run, 2 hits, 0 errors, 1 left on base; Baton Rouge 5 - Forest City 1
TOP OF THE 9TH
Baton Rouge Brass batting - Pitching for Forest City Warriors : RHP Dan Burton
Pitching: LHP Lawrence Lane
Batting: LHB Weston Doyle 0-0: Called Strike
0-1: Called Strike
0-2: Ball
1-2: Ground out 2-3 (Groundball, 15S, EV 69.4 MPH)
Batting: RHB Júlio Sahagún 0-0: Ball
1-0: Ball
2-0: Fly out, F3 (Line Drive, 3, EV 67.5 MPH)
Batting: LHB Javier Seco 0-0: Called Strike
0-1: Ball
1-1: Called Strike
1-2: Fly out, F6 (Popup, 6D, EV 58.8 MPH)
Top of the 9th over - 0 runs, 0 hits, 0 errors, 0 left on base; Baton Rouge 5 - Forest City 1
BOTTOM OF THE 9TH
Forest City Warriors batting - Pitching for Baton Rouge Brass : RHP Rafael Bernal
Batting: LHB Bob Giles 0-0: Ball
1-0: Foul Ball, location: 2F
1-1: Ball
2-1: SINGLE (Groundball, 4D, EV 103.8 MPH)
Batting: RHB Germán Gracía 0-0: Ball
1-0: Called Strike
1-1: Ball
2-1: Foul Ball, location: 2F
2-2: Fielders Choice at 2nd, 1-6 (Groundball, 34S, EV 85.0 MPH)
Batting: RHB Ernest Franks 0-0: Called Strike
0-1: Foul Ball, location: 2F
0-2: TRIPLE (Flyball, 78XD, EV 97.5 MPH)
Germán Gracía scores
Pitching: RHP Wu-ti Xuan
Batting: RHB José Álvarez 0-0: Ball
1-0: Ball
2-0: Called Strike
2-1: Ground out 5-3 (Groundball, 56S, EV 71.9 MPH)
Ernest Franks scores
Batting: RHB Armando Altagracia 0-0: Called Strike
0-1: Called Strike
0-2: Ball
1-2: Ball
2-2: Ground out 4-3 (Groundball, 34, EV 83.8 MPH)
Bottom of the 9th over - 2 runs, 2 hits, 0 errors, 0 left on base; Baton Rouge 5 - Forest City 3
Tuesday, January 5th, 2021 - OOTP Baseball 20.8 Build 74